[Event "Titled Tuesday Blitz January 31 Early 2023"]
[White "Gatterer, Florian"]
[Black "Dimitrov, Atanas"]
[WhiteFideId "811688"]
[BlackFideId "2901315"]
[WhiteElo "2170"]
[BlackElo "2269"]
[Result "0-1"]
[Round "05"]
[TimeControl "180+2"]
[Date "2023.01.31"]
[WhiteClock "0:00:02"]
[BlackClock "0:00:22"]

1. b3 d5 2. Nf3 c5 3. e3 Nc6 4. Bb2 Qc7 5. Bb5 Nf6 6. Ne5 e6 7. f4 Bd7 8. Bxc6 Bxc6 9. O-O Be7 10. d3 O-O-O 11. Nxc6 Qxc6 12. Nd2 h5 13. Qe2 h4 14. Nf3 Qc7 15. Be5 Bd6 16. Bxd6 Qxd6 17. Ne5 Qe7 18. a4 Nd7 19. Nxd7 Qxd7 20. Kh1 f5 21. Rae1 g6 22. h3 Qd6 23. c3 Kb8 24. Rb1 Rde8 25. d4 cxd4 26. exd4 Rc8 27. Rf3 Rc6 28. Rd1 Rhc8 29. Rdd3 Rb6 30. Qa2 a5 31. Kg1 Rbc6 32. Kh1 Qc7 33. Qd2 Qb6 34. Qa2 Rg8 35. Rde3 Qd8 36. Qe2 Qf6 37. Re5 g5 38. fxg5 Qxg5 39. Rfe3 Rgc8 40. Rxe6 Rxc3 41. Rxc3 Rxc3 42. Re8+ Ka7 43. Qf2 Rxb3 44. Re2 Rb1+ 45. Kh2 f4 0-1


[Site "https://www.chess.com"]

[Event "Titled Tuesday Blitz January 31 Early 2023"]
[White "matenitian"]
[Black "Klose, Eli"]
[BlackFideId "16242955"]
[WhiteElo "2434"]
[BlackElo "1519"]
[Result "0-1"]
[Round "05"]
[TimeControl "180+2"]
[Date "2023.01.31"]
[WhiteClock "0:00:19"]
[BlackClock "0:00:57"]

1. e4 e6 2. d4 d5 3. Nd2 Be7 4. Ngf3 Nf6 5. Bd3 c5 6. exd5 exd5 7. O-O O-O 8. c3 c4 9. Bc2 Bg4 10. Re1 Nc6 11. Nf1 b5 12. Ng3 b4 13. h3 Bd7 14. Nf5 Bxf5 15. Bxf5 g6 16. Bc2 Re8 17. Bg5 Qd6 18. Ne5 Nd7 19. Bf4 Ndxe5 20. dxe5 Qe6 21. Qg4 Red8 22. Rad1 Rac8 23. Bg3 Bc5 24. Ba4 Ne7 25. Kh2 h5 26. Qg5 Nf5 27. Bf4 Be7 0-1


[Site "https://www.chess.com"]

[Event "Titled Tuesday Blitz January 31 Early 2023"]
[White "Rodriguez, Santiago"]
[Black "Skvortsov, Andrei"]
[WhiteFideId "3000591"]
[BlackFideId "24108600"]
[WhiteElo "2252"]
[BlackElo "2313"]
[Result "1-0"]
[Round "05"]
[TimeControl "180+2"]
[Date "2023.01.31"]
[WhiteClock "0:01:45"]
[BlackClock "0:02:28"]

1. d4 e5 2. dxe5 Nc6 3. Nf3 Bc5 4. Nc3 d6 5. Bg5 Qd7 6. exd6 Bxd6 7. e4 Nge7 8. Bd3 f6 9. Bh4 O-O 10. O-O Ng6 11. Bg3 Nce5 12. Nxe5 fxe5 13. Qh5 Nf4 14. Bxf4 Rxf4 15. Rad1 Qg4 16. Bc4+ Kh8 17. Rxd6 1-0


[Site "https://www.chess.com"]

[Event "Titled Tuesday Blitz January 31 Early 2023"]
[White "Antonica, Dragos-Andrei"]
[Black "Urbina Perez, Juan Antonio"]
[WhiteFideId "1246372"]
[BlackFideId "2217368"]
[WhiteElo "2373"]
[BlackElo "2266"]
[Result "1-0"]
[Round "05"]
[TimeControl "180+2"]
[Date "2023.01.31"]
[WhiteClock "0:00:20"]
[BlackClock "0:00:12"]

1. d4 d5 2. c4 c6 3. Nc3 Nf6 4. Nf3 a6 5. Bg5 Ne4 6. Bf4 Qa5 7. Qc2 Bf5 8. Qc1 e6 9. a3 Nxc3 10. bxc3 Nd7 11. e3 Be7 12. Be2 O-O 13. O-O b5 14. c5 Be4 15. Nd2 Bg6 16. Bg3 e5 17. f4 f6 18. Bg4 f5 19. Be2 e4 20. Be1 Qc7 21. a4 Nf6 22. Bh4 Bh5 23. Bxf6 Bxe2 24. Be5 Qd7 25. Rf2 Bd3 26. Nf1 Bh4 27. g3 Bxf1 28. Qxf1 Be7 29. Rfa2 Qb7 30. Qc1 bxa4 31. Rxa4 Bf6 32. Rb4 Qd7 33. Rb6 Bxe5 34. fxe5 g5 35. Rab1 f4 36. Rb7 Qg4 37. Qd1 Qxd1+ 38. Rxd1 Rfb8 39. Rdb1 Rxb7 40. Rxb7 a5 41. exf4 gxf4 42. gxf4 a4 43. Rb2 a3 44. Ra2 Kf7 45. f5 Ke7 46. Kf2 Kf7 47. Ke3 Ke7 48. Kf4 Kf7 49. h4 Kg7 50. h5 Kf7 51. c4 Ke7 52. cxd5 cxd5 53. c6 Ra4 54. f6+ Ke6 55. c7 Ra8 56. Rxa3 Rc8 57. Rc3 h6 58. Rc5 Kf7 59. Rxd5 Rxc7 60. Kxe4 1-0


[Site "https://www.chess.com"]

[Event "Titled Tuesday Blitz January 31 Early 2023"]
[White "Weetik, Vjacheslav"]
[Black "Devaev, Alexander"]
[WhiteFideId "4153472"]
[BlackFideId "4169395"]
[WhiteElo "2423"]
[BlackElo "2325"]
[Result "1-0"]
[Round "05"]
[TimeControl "180+2"]
[Date "2023.01.31"]
[WhiteClock "0:00:03"]
[BlackClock "0:00:03"]

1. d4 Nf6 2. Nf3 e6 3. c4 Bb4+ 4. Nbd2 b6 5. e3 Bb7 6. Bd3 O-O 7. O-O d5 8. a3 Bd6 9. b4 c5 10. bxc5 bxc5 11. Rb1 Ba6 12. e4 dxc4 13. Nxc4 Be7 14. Qc2 Bxc4 15. Bxc4 Nbd7 16. Rd1 cxd4 17. Nxd4 Kh8 18. Nc6 Qe8 19. Bf4 Bc5 20. e5 Nd5 21. Rb3 Rc8 22. Rh3 f5 23. exf6 N7xf6 24. Bg5 Rxc6 25. Bxd5 Bxf2+ 26. Qxf2 Nxd5 27. Qh4 h5 28. Qg4 Nf6 29. Bxf6 Rxf6 30. Rxh5+ Kg8 31. Qh4 Qg6 32. Rg5 Qe8 33. Re1 Qf8 34. Qg3 Rc4 35. h3 Rcf4 36. Kh2 a6 37. Ree5 Qf7 38. Rc5 Qf8 39. Rc7 Rf7 40. Rc6 R7f6 41. Rxa6 R4f5 42. Rg4 Rf7 43. Rxe6 1-0


[Site "https://www.chess.com"]

[Event "Titled Tuesday Blitz January 31 Early 2023"]
[White "Yelisieiev, Yevhenii"]
[Black "Jimenez, Joaquin"]
[WhiteFideId "14139642"]
[BlackFideId "109860"]
[WhiteElo "2418"]
[BlackElo "2195"]
[Result "1-0"]
[Round "05"]
[TimeControl "180+2"]
[Date "2023.01.31"]
[WhiteClock "0:00:30"]
[BlackClock "0:00:13"]

1. d4 Nf6 2. Nf3 e6 3. c4 b6 4. g3 Ba6 5. Qc2 Bb7 6. Bg2 d5 7. Ne5 Nbd7 8. O-O Be7 9. Nc3 O-O 10. Bf4 c6 11. a4 Rc8 12. a5 dxc4 13. axb6 axb6 14. Nxc4 Nd5 15. Bd2 Ra8 16. e4 Nxc3 17. bxc3 b5 18. Ne3 Qb6 19. Qb2 Nf6 20. c4 Rfd8 21. e5 Ne8 22. Bc3 h5 23. Rxa8 Rxa8 24. Rb1 Ba6 25. d5 cxd5 26. cxd5 Rd8 27. d6 Bg5 28. Bd4 Qa5 29. f4 Bh6 30. Nc4 bxc4 31. Bb6 Qa4 32. Bxd8 Qd7 33. Ba5 h4 34. Qb6 Bc8 35. Bc6 1-0


[Site "https://www.chess.com"]

[Event "Titled Tuesday Blitz January 31 Early 2023"]
[White "Kielinkei"]
[Black "Reprintsev, Alexander"]
[BlackFideId "14100541"]
[WhiteElo "2440"]
[BlackElo "2253"]
[Result "1-0"]
[Round "05"]
[TimeControl "180+2"]
[Date "2023.01.31"]
[WhiteClock "0:00:08"]
[BlackClock "0:00:50"]

1. d4 d5 2. Nc3 Nf6 3. Bf4 a6 4. e3 e6 5. Nf3 c5 6. Bd3 c4 7. Be2 b5 8. a3 b4 9. axb4 Bxb4 10. O-O O-O 11. Na4 Nbd7 12. c3 Be7 13. h3 Ne4 14. b3 cxb3 15. Qxb3 f5 16. c4 g5 17. Bh2 Ndf6 18. Ne5 Nd2 19. Qc2 Nxf1 20. Bxf1 Bd6 21. c5 Bxe5 22. Bxe5 Nd7 23. Bd6 Rf7 24. c6 Nf6 25. Be5 a5 26. c7 Qe8 27. Nb6 Ra7 28. Qc5 Rb7 29. Nxc8 Qxc8 30. Ba6 Rbxc7 31. Bxc8 Rxc5 32. dxc5 Nd7 33. Bxd7 Rxd7 34. c6 Ra7 35. c7 Ra8 36. Rb1 Kf7 37. Rb8 1-0


[Site "https://www.chess.com"]

[Event "Titled Tuesday Blitz January 31 Early 2023"]
[White "Odegov, Artem"]
[Black "Belov, Alexei"]
[WhiteFideId "34183644"]
[BlackFideId "4128206"]
[WhiteElo "2261"]
[BlackElo "2421"]
[Result "0-1"]
[Round "05"]
[TimeControl "180+2"]
[Date "2023.01.31"]
[WhiteClock "0:00:12"]
[BlackClock "0:00:25"]

1. d4 e6 2. c4 d5 3. Nc3 Be7 4. Nf3 Nf6 5. Bg5 Nbd7 6. e3 O-O 7. Qc2 c5 8. Rd1 Qa5 9. cxd5 exd5 10. Bd3 h6 11. Bh4 c4 12. Bf5 b5 13. O-O b4 14. Ne2 Qxa2 15. Ra1 Qb3 16. Qxb3 cxb3 17. Nc1 Nb6 18. Nxb3 Bxf5 19. Na5 Rfc8 20. b3 Kf8 21. Ne5 Nfd7 22. Bxe7+ Kxe7 23. Nec6+ Kd6 24. Nxb4 Rc3 25. Na6 Bd3 26. Nb7+ Kc6 27. Na5+ Kb5 28. Nb7 Bxf1 29. Kxf1 Kc6 30. Na5+ Kd6 31. Nb7+ Ke7 32. Nac5 Nxc5 33. dxc5 Nd7 34. b4 a6 35. Na5 Ne5 36. f4 Nc4 37. e4 Nxa5 38. exd5 Nb3 39. Re1+ Kd7 40. f5 Nxc5 41. bxc5 Rxc5 42. Rd1 Rac8 43. h3 Rc1 44. Ke2 Rxd1 45. Kxd1 Kd6 46. g4 Kxd5 47. Ke2 a5 48. Kf3 f6 49. Kf4 a4 50. h4 Rc4+ 51. Kg3 Ke5 52. g5 fxg5 53. hxg5 hxg5 54. Kf3 Kxf5 55. Kg3 Rf4 56. Kg2 Kg4 57. Kh1 Rf2 58. Kg1 Kg3 59. Kh1 Rf1# 0-1


[Site "https://www.chess.com"]

[Event "Titled Tuesday Blitz January 31 Early 2023"]
[White "Oglaza, Oskar"]
[Black "Kopczynski, Michal"]
[WhiteFideId "1194402"]
[BlackFideId "1124200"]
[WhiteElo "2304"]
[BlackElo "2225"]
[Result "0-1"]
[Round "05"]
[TimeControl "180+2"]
[Date "2023.01.31"]
[WhiteClock "0:00:56"]
[BlackClock "0:02:18"]

1. e4 c5 2. Nf3 d6 3. d4 cxd4 4. Nxd4 Nf6 5. Nc3 g6 6. Be3 Bg7 7. f3 O-O 8. Bc4 Nc6 9. Bb3 Bd7 10. Qd2 Rc8 11. O-O-O Nxd4 12. Bxd4 b5 13. Nd5 Nxd5 14. Bxg7 Kxg7 15. exd5 a5 16. Qd4+ Kg8 17. a3 b4 18. axb4 axb4 19. h4 Qa5 20. h5 g5 21. h6 f6 22. Rh5 Rf7 23. Re1 Bf5 24. Rxe7 Rxe7 25. Qxf6 Qa1+ 26. Kd2 Qe1# 0-1


[Site "https://www.chess.com"]

[Event "Titled Tuesday Blitz January 31 Early 2023"]
[White "Ambartsumova, Karina"]
[Black "Gressmann, Moritz"]
[WhiteFideId "4166299"]
[BlackFideId "24695084"]
[WhiteElo "2393"]
[BlackElo "2129"]
[Result "0-1"]
[Round "05"]
[TimeControl "180+2"]
[Date "2023.01.31"]
[WhiteClock "0:00:01"]
[BlackClock "0:00:17"]

1. Nf3 Nf6 2. c4 g6 3. g3 Bg7 4. Bg2 O-O 5. d4 d5 6. cxd5 Nxd5 7. O-O Nb6 8. Nc3 Na6 9. e4 Bg4 10. d5 c6 11. h3 Bxf3 12. Qxf3 cxd5 13. exd5 Rc8 14. Bg5 Nc4 15. Rfe1 Re8 16. Rac1 Nxb2 17. Nb5 Rxc1 18. Rxc1 Qa5 19. Bf1 h6 20. Bf4 Qxa2 21. Nxa7 Nb4 22. Nb5 Qxd5 23. Bg2 Qxf3 24. Bxf3 N4d3 25. Rc7 Nxf4 26. gxf4 Nd3 27. f5 gxf5 28. Rxb7 Bf6 29. Nc7 Rc8 30. Be2 Nf4 31. Bf1 Kh7 32. h4 Rg8+ 33. Kh1 Rg4 0-1


[Site "https://www.chess.com"]

[Event "Titled Tuesday Blitz January 31 Early 2023"]
[White "Gjestemoen-VonHirsch, Andre"]
[Black "Sielecki, Christof"]
[WhiteFideId "1539531"]
[BlackFideId "4620437"]
[WhiteElo "2314"]
[BlackElo "2419"]
[Result "1/2-1/2"]
[Round "05"]
[TimeControl "180+2"]
[Date "2023.01.31"]
[WhiteClock "0:00:18"]
[BlackClock "0:00:05"]

1. d4 d5 2. Bf4 Nf6 3. e3 e6 4. Nd2 Bd6 5. Bg3 O-O 6. Ngf3 c5 7. c3 Qc7 8. Bd3 Nbd7 9. e4 dxe4 10. Nxe4 Nxe4 11. Bxe4 Nf6 12. Bc2 Bxg3 13. hxg3 Rd8 14. Ng5 h6 15. Ne4 Nxe4 16. Bxe4 cxd4 17. cxd4 Qa5+ 18. Kf1 Bd7 19. Kg1 Bc6 20. Bxc6 bxc6 21. Qg4 Qg5 22. Qe4 Qd5 23. Rh4 Rab8 24. b3 Rd6 25. Rc1 Rbd8 26. Rc5 Qxe4 27. Rxe4 Kf8 28. Kf1 Ke7 29. Ra5 R8d7 30. Ke2 f6 31. Ke3 Rd5 32. Ra6 Rc7 33. f4 Kd6 34. b4 Rb5 35. a3 Rb6 36. Ra5 Rb5 37. Ra6 Rb6 38. Ra5 Rcb7 39. g4 Rb5 40. Ra6 R5b6 41. Ra5 g5 42. f5 Re7 43. Rxe6+ Rxe6+ 44. fxe6 Rb7 45. Ke4 Kxe6 46. d5+ cxd5+ 47. Rxd5 Rc7 48. Rc5 Rd7 49. Rc6+ Kf7 50. Ra6 Kg6 51. a4 Re7+ 52. Kd5 Rd7+ 53. Ke6 Rd4 54. Ke7 Rxb4 55. Rxf6+ Kg7 56. Rf7+ Kg6 57. Rf6+ Kg7 58. Rf7+ Kg6 59. Rf6+ 1/2-1/2


[Site "https://www.chess.com"]

[Event "Titled Tuesday Blitz January 31 Early 2023"]
[White "Rengifo Blancas, Renzo Jhonathan"]
[Black "Mammadzada, Gunay"]
[WhiteFideId "3807185"]
[BlackFideId "13403729"]
[WhiteElo "2131"]
[BlackElo "2449"]
[Result "0-1"]
[Round "05"]
[TimeControl "180+2"]
[Date "2023.01.31"]
[WhiteClock "0:00:14"]
[BlackClock "0:00:15"]

1. e4 c5 2. c3 Nf6 3. e5 Nd5 4. d4 cxd4 5. Nf3 d6 6. cxd4 Nc6 7. Bc4 Nb6 8. Bb5 dxe5 9. Nxe5 Bd7 10. Nxd7 Qxd7 11. O-O e6 12. Qg4 a6 13. Bxc6 bxc6 14. Nc3 Rd8 15. Rd1 Nc4 16. b3 Nd6 17. Ba3 Nf5 18. Bc5 Be7 19. Qe2 Ra8 20. Bxe7 Qxe7 21. Rac1 O-O 22. Na4 Rfd8 23. Qe4 Rac8 24. Rc5 Rd5 25. h3 Rcd8 26. Rxc6 Nxd4 27. Kh1 Nxc6 28. Rc1 Rd1+ 29. Rxd1 Rxd1+ 30. Kh2 Qd6+ 31. g3 Qd5 32. Qxd5 exd5 33. Nc3 Rd2 34. Kg2 d4 35. Ne4 Rxa2 36. Kf3 Ne5+ 37. Kf4 f6 38. Kf5 d3 39. Nd6 d2 40. Ke6 d1=Q 41. f4 Nf7 42. Ne4 Re2 43. Kf5 Qd5+ 44. Kg4 f5+ 45. Kh5 Qxe4 46. g4 Qxf4 47. gxf5 Qg5# 0-1


[Site "https://www.chess.com"]

[Event "Titled Tuesday Blitz January 31 Early 2023"]
[White "Ingebretsen, Jens E"]
[Black "Gureeva, Dina"]
[WhiteFideId "1522965"]
[BlackFideId "4170695"]
[WhiteElo "2342"]
[BlackElo "2178"]
[Result "0-1"]
[Round "05"]
[TimeControl "180+2"]
[Date "2023.01.31"]
[WhiteClock "0:00:14"]
[BlackClock "0:01:08"]

1. c4 Nf6 2. Nc3 g6 3. e4 d6 4. d4 Bg7 5. Nf3 O-O 6. h3 c5 7. d5 a6 8. Be2 b5 9. cxb5 axb5 10. Bxb5 Ba6 11. Bxa6 Nxa6 12. O-O Qb6 13. Qe2 Nd7 14. Nd2 Rfb8 15. Nc4 Qc7 16. Bd2 Nb4 17. Rfc1 Ne5 18. Nxe5 Bxe5 19. a3 Na6 20. Be3 Qb7 21. Rab1 Nc7 22. Qc4 Qb3 23. Qxb3 Rxb3 24. Nd1 Rab8 25. a4 R8b4 26. Ra1 Rxe4 27. a5 Na6 28. Nc3 Reb4 29. Ra2 Rxb2 30. Rxb2 Rxb2 31. Ne4 Rb5 32. f4 Bg7 33. Bd2 h6 34. g4 Bd4+ 35. Kf1 Rb3 36. Ke2 Kg7 37. f5 Nc7 38. fxg6 fxg6 39. Nc3 Ra3 40. Nd1 Nxd5 41. Rb1 Kf6 42. Rb8 h5 43. Rf8+ Ke6 44. gxh5 gxh5 45. Rg8 Rxh3 46. a6 Ra3 47. Ra8 Nc7 48. Ra7 Nxa6 49. Bc1 Ra2+ 50. Kd3 Nb4+ 51. Kc4 Rxa7 52. Nc3 Bxc3 53. Be3 Ra3 54. Bf2 d5+ 55. Kb5 Bd4 56. Be1 Nd3 57. Bd2 Rb3+ 58. Kc6 c4 59. Ba5 c3 60. Bxc3 Bxc3 61. Kc7 Ne5 62. Kd8 d4 63. Kc8 d3 64. Kc7 d2 65. Kc8 d1=Q 66. Kc7 Qd6+ 67. Kc8 Rb8# 0-1


[Site "https://www.chess.com"]

[Event "Titled Tuesday Blitz January 31 Early 2023"]
[White "Andreev, Konstantin"]
[Black "Aaditya Dhingra"]
[WhiteFideId "24239305"]
[BlackFideId "25678191"]
[WhiteElo "2195"]
[BlackElo "2027"]
[Result "0-1"]
[Round "05"]
[TimeControl "180+2"]
[Date "2023.01.31"]
[WhiteClock "0:00:03"]
[BlackClock "0:00:20"]

1. e4 e6 2. d4 d5 3. Nc3 Nf6 4. e5 Nfd7 5. f4 c5 6. Nf3 Nc6 7. Be3 a6 8. a3 b5 9. Qd2 Qb6 10. Be2 cxd4 11. Bxd4 Nxd4 12. Qxd4 Bc5 13. Qd3 Bf2+ 14. Kf1 Nc5 15. Qd1 Bb7 16. a4 b4 17. a5 Qa7 18. Na4 Ne4 19. c3 Bg3 20. Qd4 Qxd4 21. Nxd4 Bxf4 22. cxb4 Bxe5 23. Nf3 Bd6 24. Rc1 Ke7 25. Nb6 Rad8 26. b5 axb5 27. Bxb5 Rb8 28. Ke2 Bc5 29. Ne5 Bxb6 30. axb6 Rhc8 31. Ke3 Nd6 32. Bd7 Rxc1 33. Rxc1 f6 34. Rc7 fxe5 35. Ba4+ Kf6 36. Rd7 Nc4+ 37. Kd3 Nxb6 0-1


[Site "https://www.chess.com"]

[Event "Titled Tuesday Blitz January 31 Early 2023"]
[White "Bosnjak, Petar"]
[Black "Sliwicki, Damian"]
[WhiteFideId "14532581"]
[BlackFideId "1127128"]
[WhiteElo "2337"]
[BlackElo "2158"]
[Result "1-0"]
[Round "05"]
[TimeControl "180+2"]
[Date "2023.01.31"]
[WhiteClock "0:01:56"]
[BlackClock "0:00:04"]

1. d4 Nf6 2. c4 e6 3. Nf3 Bb4+ 4. Bd2 Qe7 5. g3 O-O 6. Bg2 Bxd2+ 7. Qxd2 Ne4 8. Qc2 Qb4+ 9. Nbd2 d5 10. a3 Qa5 11. b4 Qa6 12. cxd5 exd5 13. Nxe4 dxe4 14. Qxe4 Bd7 15. O-O Re8 16. Ne5 Nc6 17. f4 f6 18. b5 Qxb5 19. Qd5+ Qxd5 20. Bxd5+ Be6 21. Bxe6+ Rxe6 22. d5 Rd6 23. dxc6 fxe5 24. cxb7 Rb8 25. fxe5 Rb6 26. Rac1 R8xb7 27. Rc5 g6 28. Rfc1 Ra6 29. Rxc7 Rb2 30. Rd7 1-0


[Site "https://www.chess.com"]

[Event "Titled Tuesday Blitz January 31 Early 2023"]
[White "Lorenzo De La Riva, Lazaro"]
[Black "Martynov, Pavel"]
[WhiteFideId "2268809"]
[BlackFideId "4101260"]
[WhiteElo "2404"]
[BlackElo "2414"]
[Result "0-1"]
[Round "05"]
[TimeControl "180+2"]
[Date "2023.01.31"]
[WhiteClock "0:00:03"]
[BlackClock "0:00:05"]

1. d4 d5 2. c4 e6 3. Nf3 c5 4. cxd5 exd5 5. g3 Nc6 6. Bg2 Nf6 7. O-O Be7 8. dxc5 Bxc5 9. a3 O-O 10. b4 Be7 11. Bb2 Bg4 12. Nc3 Re8 13. Rc1 a6 14. Na4 Ne4 15. Nd4 Bd7 16. f3 Nd6 17. Nxc6 bxc6 18. Bd4 Nc4 19. Ra1 a5 20. Nc5 Bf5 21. Qc1 Bg5 22. Qc3 Bd2 23. Qb3 Rxe2 24. Rf2 Be3 25. Bxe3 Rxe3 26. Qd1 Rxa3 27. g4 Rxa1 28. Qxa1 axb4 29. Qe1 Qb6 30. Qe7 Bg6 31. h4 h5 32. gxh5 Bxh5 33. Bh3 Qd8 34. Qxd8+ Rxd8 35. Nd3 Rb8 36. f4 b3 37. Nb2 Nxb2 38. Rxb2 c5 39. Bg2 Rd8 40. Rxb3 d4 41. Be4 Bg6 42. f5 Bh5 43. Bd3 Bf3 44. Rb5 Rc8 45. Rb7 c4 46. Bb1 c3 47. Ba2 c2 48. Rxf7 Kh8 49. Kf2 c1=Q 50. f6 Qe3+ 51. Kg3 Bd5+ 52. Kg4 Bxf7 0-1


[Site "https://www.chess.com"]

[Event "Titled Tuesday Blitz January 31 Early 2023"]
[White "Prieto Aranguren, Alain"]
[Black "Kim, Sergey"]
[WhiteFideId "2268906"]
[BlackFideId "13700570"]
[WhiteElo "2258"]
[BlackElo "2295"]
[Result "0-1"]
[Round "05"]
[TimeControl "180+2"]
[Date "2023.01.31"]
[WhiteClock "0:00:51"]
[BlackClock "0:01:01"]

1. e4 e5 2. Ne2 Nc6 3. Ng3 g6 4. Be2 Bg7 5. h4 h5 6. d3 d6 7. Nd2 Nh6 8. Nf3 Ng4 9. Ng5 Qe7 10. c3 f6 11. Nf3 Bd7 12. Nh2 f5 13. Bg5 Bf6 14. Bxf6 Qxf6 15. Nf3 O-O-O 16. Ng5 Ne7 17. f3 Ne3 18. Qb3 Nxg2+ 19. Kf2 Nxh4 20. Rxh4 Qxg5 21. Rh2 f4 22. Nf1 Qf6 23. Nd2 Be6 24. Qa3 Kb8 25. Nb3 g5 26. Rg1 g4 27. fxg4 hxg4 28. Rxh8 Rxh8 29. Bxg4 Rh2+ 30. Rg2 Qh4+ 31. Kf3 Bxg4+ 0-1


[Site "https://www.chess.com"]

[Event "Titled Tuesday Blitz January 31 Early 2023"]
[White "Al-Tarboush, Ward"]
[Black "rikchessmx"]
[WhiteFideId "7601450"]
[WhiteElo "2256"]
[BlackElo "2329"]
[Result "1-0"]
[Round "05"]
[TimeControl "180+2"]
[Date "2023.01.31"]
[WhiteClock "0:02:00"]
[BlackClock "0:01:26"]

1. e4 e5 2. Nf3 Nc6 3. Bb5 a6 4. Ba4 Nf6 5. O-O Be7 6. d3 b5 7. Bb3 O-O 8. Nc3 d6 9. a3 Bg4 10. Be3 Nd4 11. Bxd4 exd4 12. Nd5 c6 13. Nxe7+ Qxe7 14. h3 Bxf3 15. Qxf3 Nd7 16. Qg3 Nc5 17. Ba2 Na4 18. Rab1 Rad8 19. f4 Kh8 20. f5 f6 21. Qf4 Qe5 22. Qf2 Nb6 23. Be6 d5 24. Rbe1 dxe4 25. Rxe4 Qd6 26. Rh4 h6 27. Qd2 Kh7 28. Rff4 Qe7 29. Rfg4 Rd6 30. Rg6 Rxe6 31. Qxh6+ gxh6 32. Rhxh6# 1-0


[Site "https://www.chess.com"]

[Event "Titled Tuesday Blitz January 31 Early 2023"]
[White "Hoffmann, Asa"]
[Black "Najdin, Danil"]
[WhiteFideId "2001470"]
[BlackFideId "4172426"]
[WhiteElo "2185"]
[BlackElo "2235"]
[Result "0-1"]
[Round "05"]
[TimeControl "180+2"]
[Date "2023.01.31"]
[WhiteClock "0:00:02"]
[BlackClock "0:00:07"]

1. d4 Nf6 2. Bg5 b6 3. f3 d5 4. c4 e6 5. Nc3 Bb4 6. Qa4+ Bd7 7. Qxb4 Nc6 8. Qb3 Nxd4 9. Qd1 c5 10. e3 Nf5 11. cxd5 h6 12. dxe6 hxg5 13. exd7+ Nxd7 14. e4 Nd4 15. Nge2 Ne6 16. Ng3 Nd4 17. Nf5 Nxf5 18. exf5 Qf6 19. Bb5 O-O-O 20. Qa4 Kb8 21. O-O-O Ne5 22. Rxd8+ Rxd8 23. Rd1 Rxd1+ 24. Qxd1 c4 25. Ne4 Qe7 26. Qd6+ Qc7 27. Qxc7+ Kxc7 28. Nd2 Nd3+ 29. Kb1 Ne1 30. Bxc4 Nxg2 31. Bxf7 Nh4 32. Be6 Kd6 33. Kc2 Ke5 34. Kd3 Kf4 35. Ke2 Ng2 36. Nc4 Nh4 37. Ne3 Nxf3 38. Nd5+ Ke4 39. Ne7 Nd4+ 40. Kd2 Nf3+ 41. Kc3 Nxh2 42. Nc6 a5 43. Kc4 g4 44. Nd4 g3 45. Bd5+ Ke3 46. Ne6 Nf3 47. Bxf3 Kxf3 48. Nxg7 g2 49. f6 g1=Q 50. f7 Qxg7 51. Kb5 Qxf7 0-1


[Site "https://www.chess.com"]

[Event "Titled Tuesday Blitz January 31 Early 2023"]
[White "Sukandar, Irine Kharisma"]
[Black "Mejia, Cherry Ann"]
[WhiteFideId "7101937"]
[BlackFideId "5206880"]
[WhiteElo "2390"]
[BlackElo "1935"]
[Result "1-0"]
[Round "05"]
[TimeControl "180+2"]
[Date "2023.01.31"]
[WhiteClock "0:01:49"]
[BlackClock "0:01:14"]

1. e4 c5 2. Nc3 a6 3. g3 b5 4. Bg2 Bb7 5. d3 e6 6. Nh3 Nf6 7. O-O d5 8. exd5 Nxd5 9. Ne4 Be7 10. Qh5 Nd7 11. Nhg5 g6 12. Qh6 Bf8 13. Qh3 h5 14. Nxe6 Qb6 15. Nxf8 Kxf8 16. Qxd7 1-0


[Site "https://www.chess.com"]

[Event "Titled Tuesday Blitz January 31 Early 2023"]
[White "Shapiro, Viktor"]
[Black "Alfaro, William"]
[WhiteFideId "4175700"]
[BlackFideId "6100457"]
[WhiteElo "2192"]
[BlackElo "2134"]
[Result "1-0"]
[Round "05"]
[TimeControl "180+2"]
[Date "2023.01.31"]
[WhiteClock "0:00:20"]
[BlackClock "0:00:01"]

1. c4 Nf6 2. Nc3 g6 3. g3 Bg7 4. Bg2 O-O 5. Nf3 d6 6. d3 c5 7. Rb1 Nc6 8. a3 a5 9. O-O e5 10. Bg5 Be6 11. Ne1 h6 12. Bxf6 Bxf6 13. Nc2 Nd4 14. Bxb7 Rb8 15. Bg2 Bg7 16. e3 Nf5 17. b4 axb4 18. axb4 cxb4 19. Rxb4 Rxb4 20. Nxb4 Qa5 21. Ncd5 Qc5 22. Qa4 Kh7 23. Qb5 Qa7 24. Nc6 Qa3 25. Ncb4 Qb2 26. Qa6 Rb8 27. Nc6 Rb3 28. Rd1 Qc2 29. Bf3 Rb2 30. Rf1 h5 31. Ncb4 Qd2 32. Qa4 h4 33. g4 Nh6 34. Qd1 Qxd1 35. Rxd1 Nxg4 36. Rf1 h3 37. Nc6 Rd2 38. Ncb4 Nf6 39. Nxf6+ Bxf6 40. Bd5 Bf5 41. Bxf7 Bh4 42. Bd5 Rb2 43. e4 Rxb4 44. exf5 gxf5 45. f4 Kg6 46. fxe5 dxe5 47. Be6 f4 48. Bxh3 Rb3 49. Bg2 Be7 50. Be4+ Kf6 51. Kg2 Bc5 52. Kf3 Rb2 53. h4 Rh2 54. Kg4 Bd4 55. Rb1 Bf2 56. h5 Rh4+ 57. Kf3 Bd4 58. Bg6 Rh3+ 59. Ke4 Re3+ 60. Kd5 Kg5 61. c5 f3 62. c6 f2 63. c7 Re1 64. c8=Q Rxb1 65. Qf5+ 1-0


[Site "https://www.chess.com"]

[Event "Titled Tuesday Blitz January 31 Early 2023"]
[White "Lucassen, Mickey"]
[Black "Fiorito, Francisco"]
[WhiteFideId "12919110"]
[BlackFideId "180165"]
[WhiteElo "2023"]
[BlackElo "2305"]
[Result "1-0"]
[Round "05"]
[TimeControl "180+2"]
[Date "2023.01.31"]
[WhiteClock "0:00:02"]
[BlackClock "0:00:01"]

1. d4 Nf6 2. Nc3 d5 3. Bf4 a6 4. e3 e6 5. g4 Bb4 6. Bd3 c5 7. a3 Bxc3+ 8. bxc3 c4 9. Bf1 Ne4 10. Ne2 Nc6 11. Bg2 Qh4 12. O-O Qxg4 13. f3 Qg6 14. fxe4 dxe4 15. d5 exd5 16. Qxd5 O-O 17. Qxe4 Bf5 18. Qxc4 Bxc2 19. Ng3 Bd3 20. Qb3 h5 21. Qxb7 Na5 22. Qd5 Nc4 23. Be4 Bxe4 24. Qxe4 Qxe4 25. Nxe4 Rfe8 26. Nd6 Nxd6 27. Bxd6 Rxe3 28. c4 h4 29. c5 Rc8 30. Rfe1 Rc3 31. Rac1 Rd3 32. a4 h3 33. Bg3 Rc6 34. Re8+ Kh7 35. Re4 g5 36. Re7 Kg6 37. Re4 f5 38. Rb4 f4 39. Bf2 Kf5 40. Rb6 Rxb6 41. cxb6 Rb3 42. a5 Kg4 43. Kf1 Kf3 44. Be1 Rb5 45. Rc7 g4 46. b7 Rb1 47. Rc3+ Ke4 48. Rc4+ Kf3 49. Rc7 Ke4 50. Re7+ Kf3 51. Rd7 Ke4 52. Ke2 Rb2+ 53. Bd2 Rb3 54. Re7+ Kf5 55. Rf7+ Ke5 56. Rxf4 Rxb7 57. Rxg4 Kd5 58. Rh4 Re7+ 59. Be3 Kc6 60. Rxh3 Kb5 61. Rf3 Kxa5 62. h4 Kb5 63. Rh3 Rh7 64. h5 a5 65. h6 a4 66. Rg3 a3 67. Rg7 a2 68. Rxh7 a1=Q 69. Rg7 Qb2+ 70. Kf3 Qf6+ 71. Bf4 Qc6+ 72. Kg4 Qe6+ 73. Kg5 Qd5+ 74. Kg4 Qe6+ 75. Kh5 Qf5+ 76. Bg5 Qf3+ 77. Kg6 Qe4+ 78. Kf7 Qd5+ 79. Kf8 Qc5+ 80. Be7 Qf5+ 81. Rf7 Qc8+ 82. Kg7 Qc3+ 83. Bf6 Qg3+ 84. Kh8 Qb8+ 85. Kh7 Qg3 86. Bg7 Kc6 87. Kg8 1-0


[Site "https://www.chess.com"]

[Event "Titled Tuesday Blitz January 31 Early 2023"]
[White "Rose, Felix"]
[Black "Slade, Theodore"]
[WhiteFideId "5105722"]
[BlackFideId "426547"]
[WhiteElo "2091"]
[BlackElo "1995"]
[Result "0-1"]
[Round "05"]
[TimeControl "180+2"]
[Date "2023.01.31"]
[WhiteClock "0:00:09"]
[BlackClock "0:01:32"]

1. e4 e5 2. Nf3 Nc6 3. Bb5 Nf6 4. O-O Nxe4 5. d4 Nd6 6. dxe5 Nxb5 7. a4 d6 8. axb5 Nxe5 9. Re1 Be7 10. Nxe5 dxe5 11. Qxd8+ Bxd8 12. Rxe5+ Be6 13. Nc3 O-O 14. Bg5 Bxg5 15. Rxg5 Rfd8 16. Rc5 Rd7 17. h3 b6 18. Rc6 Kf8 19. Rd1 Rxd1+ 20. Nxd1 Bd7 21. Rxc7 Bxb5 22. Ne3 Ke8 23. Nf5 Kf8 24. Nd6 Be8 25. b4 a5 26. c3 a4 27. Rb7 a3 28. Rxb6 a2 0-1


[Site "https://www.chess.com"]